[Event "1st Turkish League 2017"]
[Site "Konya"]
[Date "2017.07.22"]
[Round "8"]
[White "Dogan, Ali Ekber"]
[Black "Zeydan, Salih"]
[Result "1/2-1/2"]
[ECO "E04"]
[WhiteElo "2136"]
[BlackElo "2001"]
[Annotator "NA"]
[PlyCount "143"]
[EventType "team-tourn"]
[EventCountry "TUR"]
[SourceTitle "playchess.com"]
[Source "ChessBase"]
[SourceQuality "1"]
[TimeControl "5400+30"]

1. d4 Nf6 2. c4 e6 3. g3 d5 4. Nf3 dxc4 5. Bg2 Bb4+ 6. Bd2 a5 7. Qc2 Bxd2+ 8. Qxd2 c6 9. a4 Ne4 10. Qc2 Nd6 11. Na3 Na6 12. Nxc4 Nb4 13. Nxd6+ Qxd6 14. Qd2 O-O 15. O-O b6 16. Rfc1 Rd8 17. Qf4 Ba6 18. Qxd6 Rxd6 19. e3 Nd3 20. Rc2 Rad8 21. Bf1 c5 22. Rc3 cxd4 23. Rxd3 Bxd3 24. Bxd3 dxe3 25. Be2 Rc8 26. fxe3 Rc2 27. Kf2 Rxb2 28. Rc1 g6 29. Rc8+ Kg7 30. Rc7 Kf6 31. g4 h6 32. h4 Kg7 33. g5 h5 34. Nd4 Ra2 35. Kf3 Rxa4 36. Bc4 Kf8 37. Ke4 b5 38. Bxb5 Rb4 39. Bc4 Rdb6 40. Ke5 Rb7 41. Rc8+ Kg7 42. Ba6 Ra7 43. Bd3 Rd7 44. Be4 a4 45. Ra8 Rc7 46. Kd6 Rc3 47. Ra7 Rb6+ 48. Bc6 Rxe3 49. Nb5 Rb8 50. Kc7 Rf8 51. Rxa4 Rh3 52. Nd6 f6 53. Ne8+ Rxe8 54. Bxe8 Rg3 55. Ra5 e5 56. gxf6+ Kxf6 57. Ra6+ Kf5 58. Bd7+ Kf4 59. Rf6+ Ke3 60. Kd6 e4 61. Ke5 g5 62. Rh6 gxh4 63. Rxh5 Rg7 64. Be6 Kf3 65. Rxh4 e3 66. Bd5+ Kg3 67. Re4 Re7+ 68. Be6 Kf2 69. Rf4+ Kg3 70. Re4 Kf2 71. Rf4+ Kg3 72. Re4 1/2-1/2

[Event "1st Turkish League 2017"]
[Site "Konya"]
[Date "2017.07.22"]
[Round "8"]
[White "Rzayev, Askar Aliakbar"]
[Black "Cakiroglu, Metin"]
[Result "0-1"]
[ECO "A55"]
[WhiteElo "2080"]
[BlackElo "1993"]
[Annotator "NA"]
[PlyCount "99"]
[EventType "team-tourn"]
[EventCountry "TUR"]
[SourceTitle "playchess.com"]
[Source "ChessBase"]
[SourceQuality "1"]
[TimeControl "5400+30"]

1. Nf3 d6 2. d4 Nd7 3. c4 e5 4. e4 Ngf6 5. Nc3 c6 6. g3 Be7 7. Bg2 O-O 8. O-O Re8 9. Re1 Bf8 10. h3 g6 11. b3 Bg7 12. d5 Qc7 13. Ba3 c5 14. Qd3 Nh5 15. Bc1 Nf8 16. Bd2 f5 17. Qe2 Bd7 18. b4 cxb4 19. Nb5 Bxb5 20. cxb5 a5 21. bxa6 bxa6 22. Bxb4 Qb6 23. Rab1 Nxg3 24. Qd3 Nxe4 25. Rxe4 fxe4 26. Qxe4 Rab8 27. Rb3 Nd7 28. Ng5 Nf6 29. Qh4 Qd4 30. Qxd4 exd4 31. Ne6 Nd7 32. Bxd6 Rxb3 33. axb3 d3 34. Bf4 Bc3 35. Kf1 Nc5 36. Be3 Nxe6 37. dxe6 Kg7 38. Bd5 d2 39. Ke2 d1=Q+ 40. Kxd1 Rd8 41. e7 Rxd5+ 42. Kc2 Kf7 43. Kxc3 Kxe7 44. h4 Ke6 45. Kc4 Rb5 46. b4 Kf5 47. Bg5 Kg4 48. f4 Kh5 49. Bf6 Rf5 50. Kd4 0-1

[Event "1st Turkish League 2017"]
[Site "Konya"]
[Date "2017.07.22"]
[Round "8"]
[White "Koc, Ilkay"]
[Black "Korkmaz, Necmettin"]
[Result "0-1"]
[ECO "D13"]
[WhiteElo "2074"]
[BlackElo "2078"]
[Annotator "NA"]
[PlyCount "84"]
[EventType "team-tourn"]
[EventCountry "TUR"]
[SourceTitle "playchess.com"]
[Source "ChessBase"]
[SourceQuality "1"]
[TimeControl "5400+30"]

1. d4 d5 2. c4 c6 3. cxd5 cxd5 4. Nc3 Nf6 5. Nf3 Nc6 6. Bf4 a6 7. e3 Bg4 8. h3 Bf5 9. g4 Bc8 10. Bg2 e6 11. Ne5 Bd6 12. Bg3 O-O 13. O-O Ne8 14. Rc1 Bd7 15. e4 Bxe5 16. dxe5 d4 17. Ne2 Qb6 18. Qd2 Rd8 19. Bh4 f6 20. exf6 Nxf6 21. g5 Nh5 22. g6 hxg6 23. Bxd8 Rxd8 24. e5 Be8 25. Qg5 d3 26. Nc3 Qd4 27. Rce1 Qf4 28. Qxf4 Nxf4 29. Re3 b5 30. a3 g5 31. Rd1 Nd4 32. Ne4 Bh5 33. Rdxd3 Nxd3 34. Nxg5 Ne2+ 35. Kh2 Ndf4 36. Bb7 Rd2 37. b4 Nd4 38. Rc3 Rxf2+ 39. Kg3 Rg2+ 40. Kxf4 Ne2+ 41. Ke3 Rg3+ 42. Kd2 Nxc3 0-1

[Event "1st Turkish League 2017"]
[Site "Konya"]
[Date "2017.07.22"]
[Round "8"]
[White "Yelligedik, Murat"]
[Black "Okus, Melih"]
[Result "1/2-1/2"]
[ECO "B01"]
[WhiteElo "2014"]
[BlackElo "2041"]
[Annotator "NA"]
[PlyCount "191"]
[EventType "team-tourn"]
[EventCountry "TUR"]
[SourceTitle "playchess.com"]
[Source "ChessBase"]
[SourceQuality "1"]
[TimeControl "5400+30"]

1. e4 d5 2. exd5 Qxd5 3. Nc3 Qd6 4. d4 Nf6 5. g3 Bg4 6. Nf3 a6 7. Bg2 Nc6 8. Bf4 Qb4 9. O-O O-O-O 10. Ne2 Bxf3 11. Bxf3 e5 12. c3 Qb6 13. Bxc6 exf4 14. Bg2 g5 15. Qb3 Qxb3 16. axb3 Bd6 17. Ra5 Rde8 18. Nc1 h6 19. Rf5 Ne4 20. Rxf7 h5 21. b4 Nd2 22. Rd1 Nc4 23. Nd3 Re2 24. Bf3 Rc2 25. Re1 Nxb2 26. Nc5 Bxc5 27. bxc5 Nd3 28. Ree7 Rc1+ 29. Kg2 Ne1+ 30. Kf1 Nxf3+ 31. Ke2 Re1+ 32. Kxf3 Rxe7 33. Rxe7 fxg3 34. Kxg3 a5 35. Re5 Rg8 36. Kf3 Kd7 37. c6+ Kxc6 38. Rxa5 b5 39. c4 bxc4 40. Rc5+ Kd6 41. Rxc4 Rf8+ 42. Ke3 g4 43. Rc5 Rf3+ 44. Ke4 Rh3 45. f4 gxf3 46. Rf5 Rxh2 47. Rf6+ Ke7 48. Rxf3 Ke6 49. d5+ Ke7 50. Rc3 Kd7 51. Rc6 Re2+ 52. Kd4 Rd2+ 53. Ke5 Re2+ 54. Kd4 h4 55. Rh6 Rh2 56. Kc5 h3 57. Rh7+ Kd8 58. Rh8+ Ke7 59. Rh7+ Kf6 60. Kd4 Rh1 61. Kc3 h2 62. Kb2 Ke5 63. Rh5+ Kf4 64. Rh7 Ke4 65. Rh5 Kf3 66. Rh7 Kg2 67. Rg7+ Kf2 68. Rh7 Ke3 69. Rh3+ Kd4 70. Rh5 Kc4 71. Ka2 Kc5 72. Kb2 Kc4 73. Ka2 Rc1 74. Rxh2 Kxd5 75. Kb2 Rc5 76. Rh4 Kc6 77. Kb3 Kb6 78. Rh6+ Kb5 79. Rh4 Rg5 80. Rh3 Rg4 81. Rh5+ c5 82. Rh3 Rb4+ 83. Kc3 Ra4 84. Kb2 Rb4+ 85. Kc2 Ra4 86. Kb3 c4+ 87. Kb2 Kb4 88. Rh8 c3+ 89. Kb1 Kb3 90. Rb8+ Kc4 91. Rc8+ Kd3 92. Rd8+ Rd4 93. Rxd4+ Kxd4 94. Kc2 Kc4 95. Kc1 Kb3 96. Kb1 1/2-1/2

[Event "1st Turkish League 2017"]
[Site "Konya"]
[Date "2017.07.22"]
[Round "8"]
[White "Gulbeyaz, Emir"]
[Black "Cansun, Can Alp"]
[Result "1-0"]
[ECO "B41"]
[WhiteElo "1952"]
[BlackElo "1959"]
[Annotator "NA"]
[PlyCount "87"]
[EventType "team-tourn"]
[EventCountry "TUR"]
[SourceTitle "playchess.com"]
[Source "ChessBase"]
[SourceQuality "1"]
[TimeControl "5400+30"]

1. e4 c5 2. Nf3 e6 3. d4 cxd4 4. Nxd4 a6 5. c4 Nf6 6. Nc3 Qc7 7. Be3 Nc6 8. Be2 Bb4 9. f3 O-O 10. O-O d6 11. Rc1 Bc5 12. Qd2 Nxd4 13. Bxd4 e5 14. Bxc5 Qxc5+ 15. Kh1 Be6 16. Rfd1 Rfd8 17. Na4 Qc6 18. Qb4 Rac8 19. Rc3 a5 20. Qa3 Qa6 21. b3 h5 22. Rcd3 b5 23. Rxd6 Rxd6 24. Rxd6 Qa7 25. Nb6 Rb8 26. c5 Ne8 27. Rd1 b4 28. Qc1 Qe7 29. Nd5 Qh4 30. g3 Qd8 31. c6 Bxd5 32. exd5 Qd6 33. Bc4 Rd8 34. Qe3 Nc7 35. Kg2 g6 36. f4 Re8 37. f5 e4 38. fxg6 fxg6 39. Qf4 Re5 40. Rf1 Nxd5 41. Qf7+ Kh8 42. Bxd5 Qxd5 43. Qf8+ Qg8 44. Qh6+ 1-0

[Event "1st Turkish League 2017"]
[Site "Konya"]
[Date "2017.07.22"]
[Round "8"]
[White "Yilmaz, Ezgi"]
[Black "Gokbulut, Julia"]
[Result "0-1"]
[ECO "C03"]
[WhiteElo "1836"]
[BlackElo "1997"]
[Annotator "NA"]
[PlyCount "110"]
[EventType "team-tourn"]
[EventCountry "TUR"]
[SourceTitle "playchess.com"]
[Source "ChessBase"]
[SourceQuality "1"]
[TimeControl "5400+30"]

1. e4 e6 2. d4 d5 3. Nd2 h6 4. Ngf3 Nf6 5. e5 Nfd7 6. Bd3 c5 7. c3 Nc6 8. b3 cxd4 9. cxd4 g5 10. Bb2 g4 11. Ng1 Rg8 12. a3 Qg5 13. Nf1 f6 14. exf6 Nxf6 15. Ng3 Bd7 16. h4 Qg7 17. N1e2 Bd6 18. Qd2 O-O-O 19. b4 Kb8 20. b5 Ne7 21. a4 Nf5 22. Ba3 Bc7 23. Rc1 Bc8 24. a5 Nxg3 25. fxg3 Ne4 26. Bxe4 dxe4 27. O-O Rd5 28. b6 axb6 29. axb6 Bxb6 30. Qf4+ e5 31. Qxe4 Rgd8 32. Bc5 Bxc5 33. Rxc5 Rxc5 34. dxc5 Qc7 35. Qe3 Rd5 36. Rc1 Qc6 37. Kh2 h5 38. Rc4 b5 39. Rc1 Bb7 40. Qf2 Rd8 41. Rg1 b4 42. Nc1 Qd5 43. Qe3 Qd4 44. Qg5 Qd5 45. Qxh5 b3 46. Qf5 b2 47. Ne2 Qe4 48. Qg5 Re8 49. Nc3 Qd4 50. Qg6 Rd8 51. Ne2 Qxc5 52. Re1 Qf2 53. Rg1 Qxe2 54. h5 Qe4 55. Qb6 Rd2 0-1

[Event "1st Turkish League 2017"]
[Site "Konya"]
[Date "2017.07.22"]
[Round "8"]
[White "Erece, Ece Alkim"]
[Black "Ozbek, Busra"]
[Result "1-0"]
[ECO "B09"]
[WhiteElo "1829"]
[BlackElo "1796"]
[Annotator "NA"]
[PlyCount "71"]
[EventType "team-tourn"]
[EventCountry "TUR"]
[SourceTitle "playchess.com"]
[Source "ChessBase"]
[SourceQuality "1"]
[TimeControl "5400+30"]

1. e4 d6 2. d4 Nf6 3. Nc3 g6 4. f4 Bg7 5. Nf3 O-O 6. e5 Nfd7 7. h4 c5 8. h5 cxd4 9. hxg6 hxg6 10. Qxd4 dxe5 11. fxe5 Nxe5 12. Qh4 Nxf3+ 13. gxf3 f5 14. Qh7+ Kf7 15. Rg1 Qb6 16. Bc4+ Ke8 17. Rxg6 Bxc3+ 18. bxc3 Qc5 19. Bg5 Nc6 20. Rg7 Kd8 21. O-O-O+ Kc7 22. Bxe7 Nxe7 23. Rxe7+ Kb8 24. Qg7 a5 25. Qxf8 Qxc4 26. Re8 Ka7 27. Rdd8 Qf1+ 28. Kb2 Qb5+ 29. Ka3 Qb1 30. Qc5+ b6 31. Qc7+ Ka6 32. Qc4+ Ka7 33. Re7+ Bb7 34. Rxb7+ Kxb7 35. Qd5+ Kc7 36. Qd7# 1-0

[Event "1st Turkish League 2017"]
[Site "Konya"]
[Date "2017.07.22"]
[Round "8"]
[White "Demirtas, Hafize"]
[Black "Sahin, Hayrun Nisa"]
[Result "0-1"]
[ECO "C10"]
[WhiteElo "1676"]
[BlackElo "1576"]
[Annotator "NA"]
[PlyCount "88"]
[EventType "team-tourn"]
[EventCountry "TUR"]
[SourceTitle "playchess.com"]
[Source "ChessBase"]
[SourceQuality "1"]
[TimeControl "5400+30"]

1. e4 e6 2. d4 d5 3. Nd2 dxe4 4. Nxe4 b6 5. Bb5+ c6 6. Ba4 Bb7 7. Nf3 Nd7 8. Bf4 Ndf6 9. Ned2 Ne7 10. O-O Ng6 11. Bg3 Bd6 12. Ne5 b5 13. Bb3 c5 14. Nxg6 hxg6 15. dxc5 Bxg3 16. hxg3 Qd4 17. Qe2 Qxc5 18. a4 a6 19. Rfe1 Qc6 20. f3 Qc5+ 21. Qe3 Qd6 22. Nf1 Qc6 23. Re2 b4 24. a5 O-O 25. Qd4 Qb5 26. Re5 Qd7 27. Qxb4 Rac8 28. c3 Qc7 29. Re3 Rfd8 30. Rd1 Rxd1 31. Bxd1 Nd5 32. Qd4 Nxe3 33. Nxe3 Qxa5 34. Nc4 Qc5 35. Nd6 Qxd4+ 36. cxd4 Rc1 37. Nxb7 Rxd1+ 38. Kf2 Rd2+ 39. Ke3 Rxb2 40. Nc5 a5 41. Kd3 Rxg2 42. Kc4 Rxg3 43. Kb5 Rxf3 44. Kxa5 g5 0-1

[Event "1st Turkish League 2017"]
[Site "Konya"]
[Date "2017.07.22"]
[Round "8"]
[White "Oncu, Tugce"]
[Black "Yorgun, Yaren Naz"]
[Result "0-1"]
[ECO "C17"]
[WhiteElo "1664"]
[BlackElo "1733"]
[Annotator "NA"]
[PlyCount "70"]
[EventType "team-tourn"]
[EventCountry "TUR"]
[SourceTitle "playchess.com"]
[Source "ChessBase"]
[SourceQuality "1"]
[TimeControl "5400+30"]

1. e4 e6 2. d4 d5 3. Nc3 Bb4 4. e5 c5 5. Bd2 Ne7 6. Nb5 Bxd2+ 7. Qxd2 O-O 8. Nf3 a6 9. Nd6 cxd4 10. Nxd4 Nbc6 11. f4 Nxd4 12. Qxd4 Nc6 13. Qf2 f6 14. Qg3 fxe5 15. fxe5 Qa5+ 16. c3 Qb6 17. b3 Rd8 18. Nxc8 Raxc8 19. Kd2 d4 20. c4 Qa5+ 21. Kd1 Nxe5 22. b4 Qa4+ 23. Qb3 Qc6 24. Rc1 Ng4 25. Qg3 Ne3+ 26. Kd2 Qa4 27. Bd3 Qxb4+ 28. Ke2 Qb2+ 29. Kf3 Rf8+ 30. Ke4 Nf5 31. Qg4 Qb6 32. Rhe1 Nd6+ 33. Ke5 Qc5+ 34. Kxe6 Rce8+ 35. Kd7 Qc6# 0-1

[Event "1st Turkish League 2017"]
[Site "Konya"]
[Date "2017.07.23"]
[Round "9"]
[White "Bivol, Alina"]
[Black "Yilmaz, Ezgi"]
[Result "1-0"]
[ECO "B70"]
[WhiteElo "2379"]
[BlackElo "1836"]
[Annotator "NA"]
[PlyCount "77"]
[EventType "team-tourn"]
[EventCountry "TUR"]
[SourceTitle "playchess.com"]
[Source "ChessBase"]
[SourceQuality "1"]
[TimeControl "5400+30"]

1. e4 c5 2. Nf3 Nc6 3. d4 cxd4 4. Nxd4 Nf6 5. Nc3 g6 6. Be2 Bg7 7. Nb3 d6 8. O-O O-O 9. Re1 Be6 10. Bf1 {[%emt 0:00:00] LiveBook: 282 Games} Ne5 11. Nd5 Rc8 12. Bg5 {[%emt 0:04:30] B70: Sicilian Dragon: 6 g3 and 6 Be2 (without a later Be3)} Nc4 13. Bxc4 Rxc4 14. Bxf6 {[%emt 0:00:30] [#]} Bxf6 $146 ({Predecessor:} 14... exf6 15. c3 Rc8 16. Qd3 f5 17. Nf4 fxe4 18. Qxe4 Rc4 19. Nxe6 Rxe4 20. Nxd8 Rxe1+ 21. Rxe1 Rxd8 {1-0 (55) Nepomniachtchi,I (2730)-Jones,G (2635) Warsaw 2011}) 15. Nxf6+ exf6 16. Qd2 Qc7 17. Nd4 Qb6 18. c3 Rfc8 19. Rad1 Bg4 20. f3 Bd7 21. Kh1 Kg7 22. Ne2 R8c6 23. Nf4 Qd8 24. Re3 Be6 25. Rd3 Ra4 26. b3 Raa6 27. c4 Qb8 28. Ne2 Bd7 29. Nc3 Qd8 (29... Rc8 $142 30. a4 (30. Rxd6 Rxd6 31. Qxd6 Qxd6 $16) 30... Re8) 30. Qb2 $18 Be6 31. Nb5 Qa5 32. R3d2 Qb4 33. g3 Qc5 34. Rd3 Rcb6 35. Qd2 Qh5 36. Nc7 Ra5 37. Ne8+ Kf8 38. Nxf6 Qh3 39. Qxa5 1-0

[Event "1st Turkish League 2017"]
[Site "Konya"]
[Date "2017.07.23"]
[Round "9"]
[White "Dalgar, Hakki Berat"]
[Black "Isik, Alparslan"]
[Result "0-1"]
[ECO "B07"]
[WhiteElo "2171"]
[BlackElo "2211"]
[Annotator "NA"]
[PlyCount "153"]
[EventType "team-tourn"]
[EventCountry "TUR"]
[SourceTitle "playchess.com"]
[Source "ChessBase"]
[SourceQuality "1"]
[TimeControl "5400+30"]

1. d4 g6 2. e4 Bg7 3. Nf3 d6 4. Bd3 Nf6 5. O-O O-O 6. Nbd2 c5 7. c3 cxd4 8. cxd4 Nc6 {[%emt 0:00:30] B07: Pirc Defence: Miscellaneous Systems} 9. Re1 (9. h3 Nh5 10. Nb3 e5 11. Bg5 Qb6 12. d5 Nb4 13. Be3 Qd8 14. Bc4 a5 15. Nbd2 Bd7 16. a3 {½-½ (89) Fedoseev,V (2674)-Kokarev,D (2638) Sochi 2015}) 9... Bd7 10. a3 Rc8 11. b4 Nh5 12. Nb3 Bg4 $146 ({Predecessor:} 12... a6 13. Be3 Na7 14. Na5 b6 15. Nc4 Nb5 16. Rc1 {0-1 (38) Gonzalez Intelangelo,G (2203)-Todorcevic,M (2463) Las Palmas 2005}) 13. Be3 e5 14. Be2 Nf4 15. Bxf4 exf4 16. Qd2 Qf6 17. Rad1 Bxf3 18. Bxf3 b5 19. e5 dxe5 20. Bxc6 Qxc6 21. dxe5 Qc3 22. Nc5 Bxe5 23. Qe2 Bg7 24. Qxb5 Qxa3 25. Qc4 (25. Rb1 $17 {keeps fighting.}) 25... a5 26. Qxf4 Qxb4 27. Qxb4 axb4 28. Nb3 Bc3 $17 29. Re4 Rfd8 30. Rb1 Rd5 31. Kf1 Ra8 32. Re2 Rad8 33. Rc2 Kf8 34. Rbc1 Ke7 35. Ke2 Kd6 36. Rxc3 bxc3 37. Rxc3 Re8+ 38. Kf3 Rf5+ 39. Kg3 Ke7 40. Nd4 Rf6 41. Nf3 Kf8 42. Rc2 Kg7 43. Rd2 Rfe6 44. Nd4 Re4 45. f3 R4e7 46. Nc6 Rc7 47. Nd4 Kg8 48. Ne2 Rec8 49. Nf4 Rc2 50. Rd5 Ra2 51. Rd7 Rcc2 52. Kg4 Kg7 53. Rb7 Ra6 54. h4 h5+ 55. Kg3 Rac6 56. Rd7 R2c4 57. Nh3 Rc7 58. Rd6 Ra4 59. Ng5 Ra2 60. Nh3 Rc4 61. Rd7 Rc6 62. Ng5 Rf6 63. Ne4 Re6 64. Ng5 Rf6 65. Ne4 Rfa6 66. Ng5 Ra7 67. Rd4 R2a4 68. Rd6 R4a6 69. Rd4 Re7 70. Nh3 Ra2 71. Nf4 Rb7 72. Rc4 Kh6 73. Nh3 Rba7 74. Rb4 R2a4 75. Rb5 Rc4 76. Rb6 Rca4 77. Rb5 0-1

[Event "1st Turkish League 2017"]
[Site "Konya"]
[Date "2017.07.23"]
[Round "9"]
[White "Salepci, Osman Firat"]
[Black "Daghan, Devran"]
[Result "1/2-1/2"]
[ECO "D42"]
[WhiteElo "2093"]
[BlackElo "2014"]
[Annotator "NA"]
[PlyCount "106"]
[EventType "team-tourn"]
[EventCountry "TUR"]
[SourceTitle "playchess.com"]
[Source "ChessBase"]
[SourceQuality "1"]
[TimeControl "5400+30"]

1. e4 c5 2. c3 Nc6 3. d4 cxd4 4. cxd4 d5 5. exd5 Qxd5 6. Nf3 e6 7. Nc3 Qd8 8. Bd3 Nf6 9. O-O Be7 10. a3 O-O 11. Bg5 h6 12. Be3 b6 13. Qe2 Bb7 14. Rad1 Qc7 15. Bb1 Rfd8 16. Nb5 Qb8 17. Rfe1 a6 18. Nc3 Bf8 19. d5 exd5 20. Bxb6 Rd7 21. Qc2 g6 22. Ba2 Bg7 23. Nxd5 Nxd5 24. Rxd5 Nb4 25. Rxd7 Nxc2 26. Bxf7+ Kh8 27. Re8+ Qxe8 28. Bxe8 Bxf3 29. Bxg6 Bg4 30. Rd2 Na1 31. h3 Be6 32. Rd6 Bg8 33. f4 Bh7 34. f5 Bxg6 35. Rxg6 Rf8 36. Be3 Rf6 37. Rxf6 Bxf6 38. Bxh6 Bxb2 39. a4 Nb3 40. Be3 Kg7 41. Kf2 Kf6 42. g4 Ke5 43. Kf3 Bc1 44. Bxc1 Nxc1 45. Ke3 a5 46. Kd2 Nb3+ 47. Kc3 Nc5 48. Kc4 Nxa4 49. Kb5 Nc3+ 50. Kxa5 Ne4 51. Kb6 Nf2 52. Kc7 Nxh3 53. Kd7 Nf2 1/2-1/2

[Event "1st Turkish League 2017"]
[Site "Konya"]
[Date "2017.07.23"]
[Round "9"]
[White "Korkmaz, Necmettin"]
[Black "Demir, Bilal"]
[Result "1/2-1/2"]
[ECO "C41"]
[WhiteElo "2078"]
[BlackElo "2069"]
[Annotator "NA"]
[PlyCount "63"]
[EventType "team-tourn"]
[EventCountry "TUR"]
[SourceTitle "playchess.com"]
[Source "ChessBase"]
[SourceQuality "1"]
[TimeControl "5400+30"]

1. e4 d6 2. Nf3 e5 3. d4 exd4 4. Nxd4 Nf6 5. Nc3 Be7 6. g3 d5 7. e5 Ng4 8. Bg2 O-O 9. O-O Nxe5 10. Nxd5 Bc5 11. Bf4 Bg4 12. Qe1 Bxd4 13. Bxe5 Re8 14. Bxc7 Qd7 15. Qb4 Nc6 16. Qxb7 Rab8 17. Qa6 Be2 18. Nf6+ Bxf6 19. Qxc6 Qxc6 20. Bxc6 Bxf1 21. Kxf1 Rxb2 22. Bxe8 Rxc2 23. Rd1 Rxc7 24. Rd7 Rxd7 25. Bxd7 Kf8 26. Ke2 Ke7 27. Bb5 Bd4 28. f4 h5 29. Kf3 f5 30. Bd3 Kf6 31. Bb5 g6 32. Bc4 1/2-1/2

[Event "1st Turkish League 2017"]
[Site "Konya"]
[Date "2017.07.23"]
[Round "9"]
[White "Gunduz, Umut Erdem"]
[Black "Kocak, Can"]
[Result "1-0"]
[ECO "B08"]
[WhiteElo "2066"]
[BlackElo "1976"]
[Annotator "NA"]
[PlyCount "55"]
[EventType "team-tourn"]
[EventCountry "TUR"]
[SourceTitle "playchess.com"]
[Source "ChessBase"]
[SourceQuality "1"]
[TimeControl "5400+30"]

1. e4 d6 2. d4 Nf6 3. Nc3 g6 4. Nf3 Bg7 $14 5. Bc4 O-O 6. Bb3 c6 7. Qe2 Bg4 8. h3 Bxf3 9. Qxf3 e5 10. dxe5 dxe5 11. Be3 Nbd7 12. g4 Qe7 13. h4 h5 14. gxh5 Nxh5 15. Rg1 Kh7 16. O-O-O Bf6 17. Ne2 Rh8 18. Ng3 Nxg3 19. Rxg3 Bxh4 20. Bxf7 Bxg3 21. Bxg6+ Kxg6 22. Qf5+ Kg7 23. Rxd7 Bh4 24. Bg5 Qxd7 25. Qxd7+ Kg6 26. Qf5+ Kg7 27. Qf6+ Kh7 28. Qf7# 1-0

[Event "1st Turkish League 2017"]
[Site "Konya"]
[Date "2017.07.23"]
[Round "9"]
[White "Kucuk, Dogan"]
[Black "Erdogan, Anil Berk"]
[Result "0-1"]
[ECO "A32"]
[WhiteElo "2048"]
[BlackElo "2088"]
[Annotator "NA"]
[PlyCount "114"]
[EventType "team-tourn"]
[EventCountry "TUR"]
[SourceTitle "playchess.com"]
[Source "ChessBase"]
[SourceQuality "1"]
[TimeControl "5400+30"]

1. d4 Nf6 2. Nf3 c5 3. c4 e6 4. Nc3 cxd4 5. Nxd4 d5 6. e3 Be7 {[%emt 0:03:00] A32: Symmetrical English: 2 Nf3 Nf6 3 d4 cxd4 4 Nxd4 e6} (6... Nc6 7. cxd5 Nxd5 8. Nxc6 bxc6 9. Bd2 Be7 10. Qc2 O-O 11. Be2 Rb8 12. a3 Nxc3 13. Bxc3 Qb6 14. Bd3 h6 {1-0 (40) Nakamura,H (2787)-Carlsen,M (2853) chess.com INT 2016}) 7. cxd5 Nxd5 8. Bb5+ Bd7 9. Nxd5 exd5 10. Bxd7+ Qxd7 11. Bd2 O-O 12. O-O Na6 $146 ({Predecessor:} 12... Re8 13. Rc1 Bd6 14. Bc3 {0-1 (35) Roberts,D-Griffiths,B Cardiff 1994}) 13. Qf3 Bf6 14. Bc3 Nc5 15. Nf5 Bxc3 16. bxc3 g6 17. Ng3 Rfd8 18. Rfd1 Qe6 19. Rd4 Rd7 20. Ne2 Rad8 21. Rad1 $11 Qc6 22. h4 Ne4 23. h5 Nxc3 24. Nxc3 Qxc3 25. g3 Qc6 26. Kg2 g5 27. Qf5 h6 28. Qd3 Qe6 29. Qd2 f5 30. f3 Rc8 31. e4 fxe4 32. fxe4 Rf7 33. Qe2 dxe4 34. Rxe4 Qf5 35. Rd2 Rcf8 36. Rd6 Qf2+ 37. Qxf2 Rxf2+ 38. Kh3 R2f6 39. Rd7 R6f7 40. Rd6 Rf6 41. Rd7 R8f7 42. Rd8+ Kg7 43. Kg4 Ra6 44. Ree8 Ra4+ 45. Kh3 Rxa2 46. Rg8+ Kf6 47. Rg6+ Kf5 48. Rd1 g4+ 49. Rxg4 Rh2+ 50. Kxh2 Kxg4 51. Rd4+ Kxh5 52. Kh3 Kg6 53. Rd6+ Kg7 54. Kg4 b5 55. Kh5 Rb7 56. Rg6+ Kf8 57. Rxh6 b4 0-1

[Event "1st Turkish League 2017"]
[Site "Konya"]
[Date "2017.07.23"]
[Round "9"]
[White "Guncan, Berke"]
[Black "Gulbeyaz, Emir"]
[Result "1-0"]
[ECO "B06"]
[WhiteElo "2043"]
[BlackElo "1952"]
[Annotator "NA"]
[PlyCount "105"]
[EventType "team-tourn"]
[EventCountry "TUR"]
[SourceTitle "playchess.com"]
[Source "ChessBase"]
[SourceQuality "1"]
[TimeControl "5400+30"]

1. e4 g6 2. d4 Bg7 3. Nc3 d6 4. f3 e5 5. dxe5 Bxe5 6. Be3 Nc6 7. Bc4 Nge7 8. Nge2 O-O 9. Qd2 Na5 10. Bb3 Nxb3 11. axb3 f5 12. O-O-O fxe4 $16 13. fxe4 a5 14. Bd4 Nc6 15. Bxe5 Nxe5 16. Rdf1 Kg7 17. Nf4 Bd7 18. h4 h5 19. Qd5 Qe7 20. Qd4 c6 21. Nd3 Bg4 22. Nxe5 Qxe5 23. Qb6 Qe7 24. Qd4+ Kh7 25. Nd1 Qg7 26. Qxg7+ Kxg7 27. Ne3 Be6 28. Kd2 a4 29. Rxf8 Kxf8 30. Ra1 b5 31. Ra3 Ke7 32. Nd1 Kf6 33. bxa4 b4 34. Rf3+ Ke5 35. b3 c5 36. Nf2 c4 37. Rg3 Kd4 38. Rxg6 cxb3 39. Rxe6 b2 40. c3+ bxc3+ 41. Kc2 Rg8 42. Rxd6+ Kc4 43. Rc6+ Kd4 44. Rd6+ Kc4 45. Rd3 Kb4 46. g3 Rf8 47. Nd1 Rf1 48. Nxc3 Rf2+ 49. Rd2 Rf3 50. Kxb2 Rxg3 51. e5 Kc4 52. e6 Rg7 53. Re2 1-0

[Event "1st Turkish League 2017"]
[Site "Konya"]
[Date "2017.07.23"]
[Round "9"]
[White "Karacan, Can Berk"]
[Black "Eldemir, Goksu"]
[Result "0-1"]
[ECO "B84"]
[WhiteElo "2009"]
[BlackElo "1862"]
[Annotator "NA"]
[PlyCount "50"]
[EventType "team-tourn"]
[EventCountry "TUR"]
[SourceTitle "playchess.com"]
[Source "ChessBase"]
[SourceQuality "1"]
[TimeControl "5400+30"]

1. e4 c5 2. Nf3 d6 3. d4 cxd4 4. Nxd4 Nf6 5. Nc3 a6 {[%emt 0:00:30] LiveBook: 60561 Games} 6. Be3 e6 7. Be2 Nbd7 8. O-O b5 9. f4 {[%emt 0:20:30] B84: Sicilian Scheveningen: 6 Be2 a6, lines without early Be3} (9. a3 Bb7 10. Bd3 Be7 11. Qf3 O-O 12. Qg3 Nc5 13. Bh6 Ne8 14. Bd2 Rc8 15. Rad1 Qc7 16. Rfe1 Nxd3 17. cxd3 Kh8 {0-1 (71) Sevian,S (2556)-Huschenbeth,N (2541) Las Vegas 2015}) 9... b4 $146 ({Predecessor:} 9... Bb7 10. Bf3 b4 11. e5 Bxf3 12. Qxf3 bxc3 13. exf6 Nxf6 14. Qc6+ Nd7 15. f5 Qc8 16. fxe6 fxe6 {1-0 (39) Sredojevic,I (2416)-Zivkovic,N (2131) Vrnjacka Banja 2009}) 10. Nc6 Qc7 11. Nxb4 d5 12. Nbxd5 exd5 13. e5 Bc5 14. Qd3 Qa7 15. Rf3 d4 16. exf6 Nxf6 $11 17. Ne4 dxe3 18. Rd1 Bg4 19. Nxf6+ gxf6 20. Qe4+ Kf8 21. Kh1 Bxf3 22. Bxf3 Re8 23. Qf5 e2 24. Bxe2 Rxe2 25. Rd8+ Ke7 0-1

[Event "1st Turkish League 2017"]
[Site "Konya"]
[Date "2017.07.23"]
[Round "9"]
[White "Baylav, Can"]
[Black "Yelligedik, Murat"]
[Result "0-1"]
[ECO "B34"]
[WhiteElo "2001"]
[BlackElo "2014"]
[Annotator "NA"]
[PlyCount "104"]
[EventType "team-tourn"]
[EventCountry "TUR"]
[SourceTitle "playchess.com"]
[Source "ChessBase"]
[SourceQuality "1"]
[TimeControl "5400+30"]

1. e4 c5 2. Nf3 Nc6 3. d4 cxd4 4. Nxd4 g6 5. Nc3 Bg7 6. Be3 Nf6 7. Be2 O-O 8. O-O d5 9. exd5 Nb4 10. d6 Qxd6 11. Ndb5 {[%emt 0:05:30] B34: Sicilian: Accelerated Dragon with 5 Nc3: sidelines} (11. Ncb5 Qb8 12. c4 a6 13. Nc3 e5 14. Nf3 Bf5 15. Bb6 Nd7 16. Nh4 Be6 17. Be3 Rd8 18. Qc1 Qd6 19. Bh6 Nc5 20. Bxg7 Kxg7 {½-½ (86) Inkiov,V (2485)-Tregubov,P (2598) Cap d'Agde 2010}) 11... Qb8 12. Bc5 Nc6 13. Bf3 Nd7 14. Be3 Rd8 $146 ({Predecessor:} 14... Nde5 15. Be2 Be6 16. Qc1 Rd8 17. Rd1 a6 18. Na3 b5 {½-½ (65) Rong,M-Wu,X Beijing 1979}) 15. Qe2 a6 16. Na3 Nce5 17. Rad1 Nxf3+ 18. Qxf3 b5 19. Nd5 Re8 20. Bg5 Bb7 21. Qb3 $17 Bxd5 22. Rxd5 Nb6 23. Rd3 Na4 24. Rf3 e6 25. c3 Qe5 26. Bf4 Qe2 27. Bc1 Red8 28. Re3 Qh5 29. Rh3 Qf5 30. Rf3 Qe5 31. Be3 Rac8 32. Nc2 Qd5 33. Qxd5 Rxd5 34. Nb4 Rd6 35. Bc1 a5 36. Nd3 Rcd8 37. Nf4 Bh6 38. Nxe6 Rxe6 39. Bxh6 Nxb2 40. g3 Nc4 41. Rb1 Rd5 42. a4 g5 43. h4 Nd2 44. hxg5 Nxf3+ 45. Kg2 Nxg5 46. Bxg5 Rxg5 47. axb5 Rb6 48. c4 Rc5 49. Ra1 Rxc4 50. Rxa5 Rc5 51. Ra8+ Kg7 52. Kh2 Rbxb5 0-1